cohdb
Replays
Latest Replays
All Replays
Popular Replays
Top Player Replays
Match Explorer
How It Works
Community
CoH3 Stats
Reddit
Sign in to upload your games and track your stats! →
Sign in with Steam
US try not to be broken be played by cheaters
Match 34428431
Overview
Messages
Build Orders
End
Engineer Squad
Selects Airborne Battlegroup
Selects Heavy Machine Gun Paradrop
Heavy Machine Gun Paradrop
Construct Medical Station
Heavy Machine Gun Paradrop
Construct Weapon Support Center
Selects Paratrooper Squad Paradrop
Paratrooper Squad Paradrop
Paratrooper Squad Paradrop
Infantry Support Center
Paratrooper Squad Paradrop
Improved M9 Bazooka Rockets
Advanced Logistics
Selects Anti-tank Gun Team Paradrop
Paratrooper Squad Paradrop
Survival Training
Construct Tank Depot
Selects Recon Loiter
Selects Supply Drop
Commander Z
Elite_1650
0
0
Comments
sign in to comment!
No comments posted yet!